 Dungeon Crawl Stone Soup version 0.28-a0-803-g74956062c1 (webtiles) character file.

Game seed: 8162466110874445028

119 BlueGoblin the Ducker (level 4, -4/23 HPs)
             Began as a Spriggan Monk on Nov 7, 2021.
             Splashed by a jelly's acid (10 damage)
             ... on level 4 of the Dungeon.
             The game lasted 00:11:19 (8175 turns).

BlueGoblin the Ducker (Spriggan Monk)               Turns: 8175, Time: 00:11:20

Health: -4/23      AC:  2    Str:  7    XL:     4   Next: 73%
Magic:  5/5        EV: 22    Int: 11    God:
Gold:   129        SH:  0    Dex: 18    Spells: 3/3 levels left

rFire   . . .      SeeInvis +   m - +1 dagger (venom)
rCold   . . .      Faith    .   (shield restricted)
rNeg    . . .      Spirit   .   b - +0 robe
rPois   .          Reflect  .   (helmet restricted)
rElec   .          Harm     .   (no cloak)
rCorr   .          Rampage  .   (gloves unavailable)
Will    .....                   (boots unavailable)
Stlth   ++........              (no amulet)
HPRegen 0.07/turn               (no ring)
MPRegen 0.09/turn               a - +4 ring of slaying

@: very quick
A: very small, no large weapons, unfitting armour, see invisible, speed 3
a: no special abilities


You were on level 4 of the Dungeon.
You visited 1 branch of the dungeon, and saw 4 of its levels.

You collected 129 gold pieces.

Inventory:

Hand Weapons
 f - a +0 spear
 m - a +1 dagger of venom (weapon)
Armour
 b - a +0 robe (worn)
Jewellery
 a - a +4 ring of slaying (right hand)
 i - a ring of fire
Wands
 l - a wand of digging (4)
Scrolls
 e - a scroll of amnesia
 j - a scroll of magic mapping
Potions
 d - 3 potions of resistance
 g - 2 potions of haste
 k - a potion of flight


   Skills:
 - Level 2.4 Fighting
 - Level 3.2 Short Blades
 + Level 7.3 Dodging
 - Level 3.0 Stealth


You had 3 spell levels left.
You didn't know any spells.
Your spell library was empty.

Dungeon Overview and Level Annotations

Branches:
Dungeon (4/15)
 Temple: D:4-7

Altars:


Innate Abilities, Weirdness & Mutations

You are very small and have problems with some larger weapons.
You are too small for most types of armour.
You have supernaturally acute eyesight. (SInv)
You cover ground extremely quickly. (Speed+++)


Message History

Unknown command.
Done exploring.
Done exploring.
Done exploring.
Unknown command.
Unknown command.
a - a +4 ring of slaying (right hand)
You remove your ring of fire.
As you read the scroll of identify, it crumbles to dust.
c - 2 potions of degeneration
As you read the scroll of identify, it crumbles to dust.
g - 2 potions of haste
As you read the scroll of identify, it crumbles to dust.
k - a potion of flight
Okay, then.
Drop what? 12/52 slots (_ for help) (? for menu, Esc to quit)
You drop 2 potions of degeneration.
Unknown command.
There is a stone staircase leading down here.
You climb downwards.
Found a stone staircase leading down.
There is a stone staircase leading up here.
You now have 129 gold pieces (gained 17).
Found an escape hatch in the floor.
A jelly comes into view.
A jelly is nearby!
A jelly is nearby!
The jelly barely misses you.
You barely miss the jelly. The jelly closely misses you.
You hit the jelly.
Your hands burn!
The jelly is lightly wounded.
You hit the jelly but do no damage.
Your hands burn!
The jelly is lightly wounded.
The jelly hits you.
You are splashed with acid.
You hit the jelly.
Your hands burn!
The jelly is moderately wounded.
The jelly hits you.
* * * LOW HITPOINT WARNING * * *
You are splashed with acid!
You die...

#.# .# # #.# ##.##.#
#.# ##...#.# #.#
##......#.. .
#.####.......#.# ..
#.#.....>....#.#
...#####.#.##J......#.#
........#.###@....##.#
#.##..###...###...###.#
.......<...>.....## #.#
..##.####...###### #.#
# ##.## #.# ## #.# #.#
##. #.# #.#######.# #.#
#........## #.#
##########.#


You could see a jelly.

Vanquished Creatures
  3 adders
  2 worms (D:2)
  3 dart slugs
  9 ball pythons
  3 endoplasms
  4 giant cockroaches
  9 goblins
  6 hobgoblins
  6 jackals
  7 kobolds
  4 quokkas
  7 bats
  2 frilled lizards (D:1)
  7 rats
72 creatures vanquished.

Vanquished Creatures (others)
  8 toadstools (D:4)
8 creatures vanquished.

Grand Total: 80 creatures vanquished

Notes
Turn   | Place    | Note
-------+----------+-------------------------------------------
     0 | D:1      | BlueGoblin the Spriggan Monk began the quest for the Orb.
     0 | D:1      | Reached XP level 1. HP: 11/11 MP: 2/2
   342 | D:1      | Reached XP level 2. HP: 13/16 MP: 3/3
   569 | D:1      | Reached skill level 5 in Dodging
  1018 | D:1      | Reached XP level 3. HP: 15/19 MP: 4/4
  1733 | D:2      | Reached skill level 6 in Dodging
  3010 | D:2      | You fall into a shaft and drop 2 floors!
  3838 | D:3      | Reached XP level 4. HP: 19/23 MP: 5/5
  4878 | D:2      | Found a faded altar of an unknown god.
  6270 | D:1      | Reached skill level 7 in Dodging
  8175 | D:4      | Splashed by a jelly's acid

Illustrated notes

Levels and vault maps discovered:
D:1:      dpeg_cavernosity, layout_loops_ring
D:2:      layout_rooms, shapermc_ecumenical_altar_venn, minmay_split_cup_large
D:3:      layout_loops_cross, kennysheep_another_room
D:4:      cheibrodos_fertilizer, layout_loops_ring, lemuel_round_altar,
          temple_hall, serial_shops, kennysheep_mini_moat, minmay_curled_crystal

Skill      XL: |  1  2  3  4 |
---------------+-------------+-----
Dodging        | 5 6 7 |  7.3
Fighting       | |  2.4
Short Blades   | |  3.2
Stealth        | |  3.0

Action                   |  1- 3 |  4- 6 || total
-------------------------+-------+-------++-------
Melee: Dagger            |   319 |   253 ||   572
       Spear             |       |     3 ||     3
  Use: Scroll            |       |     9 ||     9
 Stab: Sleeping          |     9 |     2 ||    11
Armor: Robe              |    26 |    26 ||    52
Dodge: Dodged            |   302 |   219 ||   521

Table legend: (Time is in decaauts)
 A = Elapsed time spent in this place.
 B = Non-inter-level travel time spent in this place.
 C = Inter-level travel time spent in this place.
 D = Time resting spent in this place.
 E = Time spent auto-exploring this place.
 F = Levels seen in this place.
 G = Mean time per level.
                   A        B        C        D        E       F      G
               +--------+--------+--------+--------+--------+-----+--------+
         Total |   7007 |   6799 |    208 |   3690 |   1827 |   4 | 1751.8 |
       Dungeon |   7007 |   6799 |    208 |   3690 |   1827 |   4 | 1751.8 |
               +--------+--------+--------+--------+--------+-----+--------+

Top non-repeatable levels by time:
     D:1: 4836 daAuts
     D:3: 1342 daAuts
     D:2: 746 daAuts
     D:4: 82 daAuts
